 Dungeon Crawl Stone Soup version 0.29-a0-451-gfbfa42419e (console) character file.

Game seed: 17805296002332050764

89 Faeu the Skirmisher (level 4, -4/61 HPs)
             Began as a Minotaur Berserker on May 19, 2022.
             Was a Believer of Trog.
             Slain by an orc
             ... wielding a +0 trident
              (7 damage)
             ... on level 3 of the Dungeon.
             The game lasted 00:01:45 (1851 turns).

Faeu the Skirmisher (Minotaur Berserker)            Turns: 1851, Time: 00:01:46

Health: -4/61      AC:  2    Str: 23    XL:     4   Next: 31%
Magic:  3/3        EV: 12    Int:  4    God:    Trog [**....]
Gold:   115        SH:  0    Dex: 10    Spells: 3/3 levels left

rFire   . . .      SeeInvis .   a - +0 hand axe
rCold   . . .      Faith    .   (no shield)
rNeg    . . .      Spirit   .   b - +0 animal skin
rPois   .          Reflect  .   (helmet restricted)
rElec   .          Harm     .   (no cloak)
rCorr   .          Rampage  .   (no gloves)
Will    .....                   (no boots)
Stlth   ..........              (no amulet)
HPRegen 0.20/turn               (no ring)
MPRegen 0.08/turn               (no ring)

@: berserking, very quick
A: horns 2, retaliatory headbutt
a: Renounce Religion, Berserk, Trog's Hand


You were on level 3 of the Dungeon.
You worshipped Trog.
Trog was pleased with you.
You visited 1 branch of the dungeon, and saw 3 of its levels.

You collected 115 gold pieces.

Inventory:

Hand Weapons
 a - a +0 hand axe (weapon)
Armour
 b - a +0 animal skin (worn)
Jewellery
 c - a ring of flight
 j - a ring of resist corrosion
Wands
 o - a wand of polymorph (10)
Scrolls
 e - a scroll of noise {unknown}
 f - a scroll of amnesia {unknown}
 g - a scroll of poison {unknown}
 h - a scroll of immolation {unknown}
 i - 2 scrolls of magic mapping {unknown}
 k - a scroll of identify {unknown}
Potions
 d - 2 potions of curing {unknown}
 l - 2 potions of heal wounds {unknown}
 m - a potion of magic {unknown}
 n - a potion of resistance {unknown}
 p - a potion of lignification {unknown}


   Skills:
 + Level 4.4 Fighting
 + Level 4.4 Axes
 + Level 3.5 Armour
 + Level 3.1 Dodging


You had 3 spell levels left.
You didn't know any spells.
Your spell library was empty.

Dungeon Overview and Level Annotations

Branches:
Dungeon (3/15)

Altars:

Shops:
D:2 [


Innate Abilities, Weirdness & Mutations

You have a pair of horns on your head.
You reflexively headbutt those who attack you in melee.


Message History

There are monsters nearby!
You are too injured to fight recklessly!
There are monsters nearby!
You are too injured to fight recklessly!
The orc barely misses you. The orc attacks as you move away!
The orc hits you but does no damage.
Items here: %% )) [.
You hit the orc.
The orc is moderately wounded.
The orc hits you but does no damage. The orc hits you with a +0 flail.
The orc barely misses you.
You closely miss the orc. Your headbutt misses the orc.
The orc is moderately wounded.
The orc hits you but does no damage.
You hit the orc.
The orc is almost dead.
The orc closely misses you.
You closely miss the orc.
The orc is almost dead.
The orc closely misses you.
You hit the orc.
You kill the orc!
Trog accepts your kill.
You hit the orc.
The orc is lightly wounded.
The orc hits you with a +0 club.
* * * LOW HITPOINT WARNING * * *
The orc barely misses you.
You hit the orc. You headbutt the orc.
You kill the orc!
Trog accepts your kill.
The orc hits you from afar with a +0 trident.
* * * LOW HITPOINT WARNING * * *
A red film seems to cover your vision as you go berserk!
You feel yourself moving faster!
You feel mighty!
The orc hits you from afar with a +0 trident.
* * * LOW HITPOINT WARNING * * *
You feel a strong urge to attack something.
The orc hits you with a +0 trident!
You die...

######### #....o...
#o# #@# #)# #.# .
#.# #########. #..
#.# #.........
#....##.###.########
#...........#
..........>.##
.....##.##...####
.##.. #.........# #.
####...##.#


You could see an orc.

Vanquished Creatures
  Ijyb (D:2)
  2 adders (D:2)
  2 dart slugs (D:2)
  4 orcs (D:3)
  2 bats (D:2)
  3 endoplasms
  A giant cockroach (D:1)
  8 goblins (D:2)
  A hobgoblin (D:1)
  2 quokkas (D:2)
  4 ball pythons
  5 kobolds
  A rat (D:1)
36 creatures vanquished.

Notes
Turn   | Place    | Note
-------+----------+-------------------------------------------
     0 | D:1      | Faeu the Minotaur Berserker began the quest for the Orb.
     0 | D:1      | Reached XP level 1. HP: 19/19 MP: 0/0
   917 | D:1      | Found a faded altar of an unknown god.
  1049 | D:2      | Reached XP level 2. HP: 27/27 MP: 1/1
  1229 | D:2      | Noticed Ijyb
  1236 | D:2      | Killed Ijyb
  1237 | D:2      | Reached XP level 3. HP: 33/33 MP: 2/2
  1430 | D:2      | Found Upper's Armour Emporium.
  1582 | D:2      | Reached ** piety under Trog
  1583 | D:2      | Reached XP level 4. HP: 37/41 MP: 3/3
  1850 | D:3      | HP: 3/61 [orc/+0 trident (6)]
  1851 | D:3      | Slain by an orc

Illustrated notes

Levels and vault maps discovered:
D:1:      scummos_arrival_gate, layout_basic, shapermc_ecumenical_altar_petra,
          serial_rivers, chequers_serial_rivers_marsh,
          chequers_serial_rivers_micro_e, chequers_serial_rivers_large_a,
          chequers_serial_rivers_micro_e, chequers_serial_rivers_room_b,
          minivault_5
D:2:      kennysheep_the_goblin_king, layout_rooms, serial_shops,
          nicolae_square_shop
D:3:      layout_loops_ring, nzn_hepliaklqana_mist_gate,
          gammafunk_ghost_abyssal_escape, guppyfry_early_orc_mine

Skill      XL: |  1  2  3 |
---------------+----------+-----
Axes           | 4 |  4.4
Fighting       | 4 |  4.4
Armour         | 3 |  3.5
Dodging        | 3 |  3.1

Action                   |  1- 3 |  4- 6 || total
-------------------------+-------+-------++-------
Melee: Hand axe          |    56 |    22 ||    78
       Headbutt          |     5 |     2 ||     7
       Punch             |     1 |       ||     1
Invok: Berserk           |     1 |     1 ||     2
Armor: Animal skin       |    14 |     5 ||    19
Dodge: Dodged            |    38 |     9 ||    47

Table legend: (Time is in decaauts)
 A = Elapsed time spent in this place.
 B = Non-inter-level travel time spent in this place.
 C = Inter-level travel time spent in this place.
 D = Time resting spent in this place.
 E = Time spent auto-exploring this place.
 F = Levels seen in this place.
 G = Mean time per level.
                   A        B        C        D        E       F      G
               +--------+--------+--------+--------+--------+-----+--------+
         Total |   1884 |   1802 |     82 |     13 |   1537 |   3 |  628.0 |
       Dungeon |   1884 |   1802 |     82 |     13 |   1537 |   3 |  628.0 |
               +--------+--------+--------+--------+--------+-----+--------+

Top non-repeatable levels by time:
     D:1: 1062 daAuts
     D:2: 714 daAuts
     D:3: 107 daAuts
